 Dungeon Crawl Stone Soup version 0.25.1-2-g60ff931df9 (webtiles) character file.

Game seed: 2909097369085638546

6887 DearestLeader the Agent of Entropy (level 10, -8/70 HPs)
             Began as a Demonspawn Abyssal Knight on Sept 26, 2020.
             Was a Priest of Lugonu.
             Mangled by a blink frog (10 damage)
             ... on level 1 of the Lair of Beasts.
             The game lasted 00:17:59 (10837 turns).

DearestLeader the Agent of Entropy (DsAK)          Turns: 10837, Time: 00:18:00

Health: -8/70      AC: 20    Str: 13    XL:     10   Next: 79%
Magic:  13/18      EV:  4    Int: 15    God:    Lugonu [***...]
Gold:   383        SH:  5    Dex: 22    Spells: 9/9 levels left

rFire    . . .     SeeInvis .   G - +9 mace of Zuyrei {flame, *Corrode rPois Str-3 Int+2 Dex+3}
rCold    . . .     Gourm    .   (no shield)
rNeg     . . .     Faith    .   t - +0 plate armour
rPois    +         Spirit   .   (no helmet)
rElec    .         Reflect  +   r - +0 cloak
rCorr    .         Harm     .   v - +0 pair of gloves
MR       .....                  (no boots)
Stlth    ..........             y - amulet of reflection
HPRegen  0.21/turn              D - +4 ring of protection
MPRegen  0.16/turn              J - +6 ring of dexterity

@: no status effects
A: talons 2, nightstalker 1, powered by death 1
a: Depart the Abyss, Bend Space, Banish, Renounce Religion


You were on level 1 of the Lair of Beasts.
You worshipped Lugonu.
Lugonu was most pleased with you.
You were hungry.

You visited 3 branches of the dungeon, and saw 10 of its levels.
You visited the Abyss 1 time.

You collected 443 gold pieces.
You spent 60 gold pieces at shops.

Inventory:

Hand Weapons
 G - the +9 mace of Zuyrei (weapon) {flame, *Corrode rPois Str-3 Int+2 Dex+3}
   (You found it on level 7 of the Dungeon)

   It has been specially enchanted to burn those struck by it, causing extra
   injury to most foes and up to half again as much damage against particularly
   susceptible opponents.
   It affects your strength (-3).
   It affects your intelligence (+2).
   It affects your dexterity (+3).
   It protects you from poison.
   It may corrode you when you take damage.
 L - a cursed +0 broad axe
Missiles
 w - 171 stones (quivered)
Armour
 r - a +0 cloak (worn)
 t - a +0 plate armour (worn)
 v - a +0 pair of gloves (worn)
Jewellery
 y - an amulet of reflection (around neck)
 D - a +4 ring of protection (left hand)
 J - a +6 ring of dexterity (right hand)
Wands
 E - a wand of flame (8)
 F - a wand of disintegration (10)
 H - a wand of acid (6)
 I - a wand of paralysis (11)
Scrolls
 b - a scroll of blinking {unknown}
 d - 3 scrolls of magic mapping {unknown}
 i - 9 scrolls of remove curse
 m - 4 scrolls of amnesia {unknown}
 o - 2 scrolls of enchant armour {unknown}
 q - 4 scrolls of enchant weapon
 s - 4 scrolls of immolation {unknown}
 u - 3 scrolls of identify
 x - a scroll of random uselessness {unknown}
 A - a scroll of noise {unknown}
 C - a scroll of fog {unknown}
Potions
 a - a potion of brilliance {unknown}
 e - 4 potions of curing
 f - a potion of stabbing {unknown}
 g - a potion of ambrosia {unknown}
 h - a potion of flight {unknown}
 j - 3 potions of might
 l - a potion of lignification {unknown}
 p - 3 potions of mutation
 z - a potion of degeneration {unknown}
Comestibles
 c - 18 rations
 k - 5 chunks of flesh


   Skills:
 - Level 3.0 Fighting
 * Level 11.0 Axes
 + Level 7.6 Armour
 - Level 1.0 Dodging
 + Level 11.0 Invocations


You had 9 spell levels left.
You didn't know any spells.
Your spell library contained the following spells:

 Spells                   Type           Power        Failure   Level  Hunger
 Magic Dart               Conj           #...         100%        1    ##.....
 Blink                    Tloc           N/A          100%        2    ###....
 Call Imp                 Summ           #.......     100%        2    ###....
 Slow                     Hex            #.......     100%        2    ###....
 Conjure Flame            Conj/Fire      #.......     100%        3    ####...
 Mephitic Cloud           Conj/Pois/Air  #.......     100%        3    ####...


Dungeon Overview and Level Annotations

Branches:
Dungeon (8/15)             Temple (1/1) D:7            Lair (1/6) D:8

Altars:
Hepliaklqana
Nemelex Xobeh
Qazlal
Trog
Uskayaw
Vehumet
Wu Jian
Xom
Yredelemnul

Shops:
D:4 ?

Annotations:
Lair:1 exclusion: 2 oklob plants
Abyss:1 Harold


Innate Abilities, Weirdness & Mutations

You have razor-sharp toenails.
You are slightly more attuned to the shadows.
You regenerate a little health from kills.


Message History

You are feeling hungry.
You feel better.
The blink frog blinks!
You are no longer corroded.
The blink frog blinks!
You thump the blink frog! You burn the blink frog. You claw the blink frog.
The blink frog is severely wounded.
The blink frog hits you!
* * * LOW HITPOINT WARNING * * *
You closely miss the blink frog. You claw the blink frog.
The blink frog is almost dead.
The blink frog hits you but does no damage.
The blink frog hits you.
* * * LOW HITPOINT WARNING * * *
You completely miss the blink frog. Your kick misses the blink frog.
The blink frog is almost dead.
The blink frog hits you.
* * * LOW HITPOINT WARNING * * *
The blink frog blinks!
The blink frog hits you!
You die...

..≈.....#≈...........#
#≈.÷.#≈......>....#
...≈#≈..#............#
....≈#..§§...........#
......≈.§.............
.....##.......§......#
##.## ###..#..##..#.##
.. #.....P######
##.##..F@# ##.####+#


You could see a blink frog.

Vanquished Creatures
  Maggie (D:8)
  2 rime drakes (Lair:1)
  A blink frog (Lair:1)
  Prince Ribbit (D:7)
  A hippogriff (Lair:1)
  A spriggan (D:8)
  A hungry ghost (D:8)
  2 water moccasins
  A floating eye (Lair:1)
  2 porcupines (Lair:1)
  2 sky beasts
  2 ice beasts
  A phantom (D:6)
  A black bear (D:6)
  An orc warrior (D:7)
  2 ogres (D:6)
  4 centaurs
  2 crocodiles (Lair:1)
  4 bullfrogs
  2 scorpions
  5 killer bees (D:7)
  A howler monkey (D:6)
  5 crimson imps
  A quasit (D:6)
  2 bullfrog zombies
  4 orc wizards
  3 orc priests
  4 bullfrog skeletons
  Crazy Yiuf (D:7)
  5 hounds
  4 centaur skeletons
  2 iguanas
  5 worker ants
  A hound zombie (D:8)
  A hound skeleton (D:6)
  A howler monkey zombie (D:8)
  14 adders
  A shadow imp (D:6)
  An adder skeleton (D:6)
  4 worms
  3 dart slugs
  2 leopard geckos
  20 orcs
  5 bats
  13 giant cockroaches
  5 goblins
  4 hobgoblins
  5 jackals
  7 kobolds
  A quokka (D:6)
  2 ball pythons
  6 frilled lizards
  10 rats
  A spectral orc (D:7)
183 creatures vanquished.

Vanquished Creatures (others)
  A hydra (Lair:1)
  A two-headed ogre (D:8)
  A blink frog (Lair:1)
  A porcupine (Lair:1)
  A bush (Lair:1)
  5 plants (Lair:1)
10 creatures vanquished.

Grand Total: 193 creatures vanquished

Notes
Turn   | Place    | Note
-------+----------+-------------------------------------------
     0 | Abyss:1  | DearestLeader the Demonspawn Abyssal Knight began the quest
                  | for the Orb.
     0 | Abyss:1  | Reached XP level 1. HP: 18/18 MP: 2/2
    16 | Abyss:1  | Found a sparkling altar of Nemelex Xobeh.
    77 | Abyss:1  | Found a sacrificial altar of Ru.
   144 | Abyss:1  | Noticed a raiju
   145 | D:1      | Escaped the Abyss
   759 | D:1      | Gained mutation: You are slightly more attuned to the
                  | shadows. [demonic ancestry]
   759 | D:1      | Reached XP level 2. HP: 9/24 MP: 4/4
  1314 | D:1      | Reached * piety under Lugonu
  1752 | D:2      | Reached XP level 3. HP: 28/29 MP: 5/5
  2433 | D:2      | Gained mutation: You have sharp toenails. [demonic
                  | ancestry]
  2433 | D:2      | Reached XP level 4. HP: 31/35 MP: 6/6
  3095 | D:3      | Found a shimmering altar of Xom.
  3099 | D:3      | Found a shimmering altar of Xom.
  3546 | D:3      | Reached skill level 1 in Dodging
  3586 | D:3      | Reached ** piety under Lugonu
  3586 | D:3      | Reached XP level 5. HP: 35/41 MP: 8/8
  3794 | D:3      | You fall into a shaft and drop 3 floors!
  3798 | D:6      | Noticed a sky beast
  3819 | D:5      | Entered Level 5 of the Dungeon
  3970 | D:4      | Reached XP level 6. HP: 42/47 MP: 9/9
  4108 | D:4      | Reached skill level 5 in Invocations
  4432 | D:3      | Found a radiant altar of Vehumet.
  4434 | D:3      | Found a hide-covered altar of Uskayaw.
  4437 | D:3      | Found an ornate altar of the Wu Jian Council.
  4474 | D:3      | Found a bloodstained altar of Trog.
  4480 | D:3      | Found a hazy altar of Hepliaklqana.
  4482 | D:3      | Found a faded altar of an unknown god.
  4483 | D:3      | Found a sparkling altar of Nemelex Xobeh.
  4486 | D:3      | Found a stormy altar of Qazlal.
  4922 | D:4      | Found Jan Pocw's Magic Scroll Shoppe.
  4937 | D:4      | Reached skill level 5 in Axes
  4972 | D:4      | Bought a scroll of teleportation for 36 gold pieces
  4972 | D:4      | Bought a scroll of identify for 24 gold pieces
  5435 | D:5      | Gained mutation: You have razor-sharp toenails. [demonic
                  | ancestry]
  5435 | D:5      | Reached XP level 7. HP: 47/52 MP: 11/11
  6297 | D:6      | Reached *** piety under Lugonu
  6486 | D:6      | Gained mutation: You regenerate a little health from kills.
                  | [demonic ancestry]
  6486 | D:6      | Reached XP level 8. HP: 51/58 MP: 12/12
  7094 | D:6      | Found a bloodstained altar of Trog.
  7422 | D:6      | Reached skill level 5 in Armour
  7964 | D:7      | Found a basalt altar of Yredelemnul.
  8024 | D:7      | Reached XP level 9. HP: 51/63 MP: 15/15
  8075 | D:7      | Got a crude mace
  8075 | D:7      | Identified the +9 mace of Zuyrei {flame, *Corrode rPois
                  | Str-3 Int+2 Dex+3} (You found it on level 7 of the Dungeon)
  8079 | D:7      | Found a runed translucent door.
  8080 | D:7      | Noticed Crazy Yiuf
  8263 | D:7      | Reached **** piety under Lugonu
  8371 | D:7      | Noticed Harold
  8384 | D:7      | Banished Harold
  8399 | D:7      | Found a staircase to the Ecumenical Temple.
  8408 | Temple   | Entered the Ecumenical Temple
  8709 | D:7      | Noticed Prince Ribbit
  8720 | D:7      | Killed Prince Ribbit
  9033 | D:7      | Killed Crazy Yiuf
  9162 | D:8      | Noticed a two-headed ogre
  9164 | D:8      | Banished a two-headed ogre
  9232 | D:8      | Noticed Maggie
  9247 | D:8      | Killed Maggie
  9247 | D:8      | Reached XP level 10. HP: 48/70 MP: 17/17
  9548 | D:8      | Found a staircase to the Lair.
  9567 | D:8      | Reached skill level 10 in Invocations
  9680 | D:8      | Reached skill level 10 in Axes
 10054 | Lair:1   | Entered Level 1 of the Lair of Beasts
 10073 | Lair:1   | Noticed an oklob plant
 10075 | Lair:1   | Paralysed by a floating eye for 3 turns
 10079 | Lair:1   | Paralysed by a floating eye for 2 turns
 10085 | Lair:1   | Paralysed by a floating eye for 3 turns
 10228 | Lair:1   | Noticed an oklob plant
 10233 | Lair:1   | Paralysed by a floating eye for 3 turns
 10238 | Lair:1   | Paralysed by a floating eye for 2 turns
 10510 | Lair:1   | Noticed a seven-headed hydra
 10516 | Lair:1   | Banished a seven-headed hydra
 10776 | Lair:1   | Paralysed by a floating eye for 3 turns
 10834 | Lair:1   | HP: 3/70 [blink frog (4)]
 10835 | Lair:1   | HP: 1/70 [blink frog (2)]
 10837 | Lair:1   | Mangled by a blink frog

Illustrated notes

Levels and vault maps discovered:
D:1:      enne_arrival_octagon_isle, layout_basic, minmay_misc_feat_room,
          minmay_misc_feat_rugged, minmay_misc_feat_nine_boxes,
          kennysheep_another_room, minivault_5, minmay_tiny_reverse_x
D:2:      layout_loops_ring, minmay_increasing_density
D:3:      layout_rooms, chequers_temple_overflow_minitemple, minitemple,
          xom_redecorated
D:4:      layout_rooms, serial_shops, shop_scrolls
D:5:      layout_loops_ring, first_ration
D:6:      minmay_angry_zag, layout_rooms, bloody_trog
D:7:      layout_loops_ring, yredelemnul_forgotten_temple_becter,
          minmay_temple_entry_tees, uniq_harold, uniq_prince_ribbit1,
          uniq_crazy_yiuf_cottage
D:8:      layout_basic, dpeg_oklobed_lair, the_bakery, uniq_maggie
Temple:   oiseaux_autumnal_temple
Lair:1:   layout_roguey, portal_ice_cave_rime, disabler_island

Skill      XL: |  1  2  3  4  5  6  7  8  9 10 |
---------------+-------------------------------+-----
Axes           | 2 3 4 5 6 8 9 11 | 11.0
Invocations    | 3 4 5 6 8 9 11 | 11.0
Armour         | 2 3 4 5 6 7 |  7.6
Dodging        | 1 |  1.0
Fighting       | |  3.0

Action                   |  1- 3 |  4- 6 |  7- 9 | 10-12 || total
-------------------------+-------+-------+-------+-------++-------
Melee: Hand axe          |    30 |    24 |    52 |       ||   106
       Dagger            |    84 |   219 |     5 |       ||   308
       Kick              |       |    60 |    91 |    46 ||   197
       War axe           |       |       |   241 |       ||   241
       Mace              |       |       |    84 |   106 ||   190
Invok: Depart the Abyss  |     1 |       |       |       ||     1
       Banish            |       |       |     2 |     3 ||     5
       Bend Space        |       |       |       |     1 ||     1
  Use: Scroll            |       |     5 |     3 |     1 ||     9
       Potion            |       |       |     4 |     1 ||     5
 Stab: Sleeping          |     5 |       |       |       ||     5
  Eat: Chunk             |     5 |     9 |    14 |     4 ||    32
       Ration            |       |       |       |     1 ||     1
Armor: Leather armour    |     9 |       |       |       ||     9
       Scale mail        |    34 |       |       |       ||    34
       Plate armour      |       |   166 |   288 |    95 ||   549
Dodge: Dodged            |    52 |    44 |    95 |    17 ||   208
Block: Other             |       |    17 |    88 |    17 ||   122
